AoeStats
← Kanata

Arena

513558564Analyzed
1v1 RM · 6d ago on Oct 14, 2026· 32m 51s· 2 players
Game mode
Random Map
Map size
Tiny (2 player)
Population
200
Speed
Normal
Resources
Standard
Victory
Conquest
Starting age
Dark Age
Ending age
Imperial Age
RankedLock teamsTeams togetherTeam positionsShared explorationLock speedFull tech treeHidden civsTurbo modeCheats
Victory
Defeat
🇨🇳 Romans · China
408
+19
vs
🇧🇴 Mongols · Bolivia
465
-19
Kanata
12:59 Feudal Age
13:44 Horse Collar
13:51 Double-Bit Axe
15:34 Man-at-Arms
17:15 Scale Mail Armor
17:26 Forging
22:12 Castle Age
20:38 Fletching
22:31 Long Swordsman
24:11 Chain Mail Armor
23:58 Gold Mining
25:39 Wheelbarrow
25:08 Heavy Plow
27:17 Bodkin Arrow
32:03 Hand Cart
32:34 Ballistics
32:05 Elite Skirmisher
33:52 Gold Shaft Mining
dalearai
10:41 Loom
12:29 Feudal Age
12:43 Loom
14:02 Wheelbarrow
17:56 Castle Age
16:43 Scale Barding Armor
16:50 Forging
18:12 Bloodlines
18:55 Fletching
19:36 Double-Bit Axe
19:33 Horse Collar
27:08 Bow Saw
27:02 Heavy Plow
27:05 Light Cavalry
30:03 Iron Casting
31:25 Hand Cart
Connection lost

Rejoining the realm…

Still unreachable

The connection could not be restored.

Session expired

The server has moved on; the page needs a fresh start.